 Dungeon Sprint DCSS version 0.28-a0-1356-g2ad6d04315 (webtiles) character file.

Game seed: 3351593259810738704

57565 mhtbhm the Human Blade (level 15, -1/146 HPs)
             Began as a Human Berserker on Dec 30, 2021.
             Was the Champion of Trog.
             Killed from afar by an ironbound frostheart (13 damage)
             ... by creeping frost
             ... in the Dungeon (Sprint IX: "|||||||||||||||||||||||||||||").
             The game lasted 00:11:05 (6232 turns).

mhtbhm the Human Blade (Human Berserker)            Turns: 6232, Time: 00:11:07

Health: -1/146     AC: 22    Str: 23    XL:     15   Next: 26%
Magic:  15/15      EV: 16    Int:  8    God:    Trog [******]
Gold:   243        SH:  0    Dex: 14    Spells: 14/14 levels left

rFire   + . .      SeeInvis .   a - +5 triple sword (vorpal)
rCold   . . .      Faith    +   (shield currently unavailable)
rNeg    . . .      Spirit   .   b - +3 scale mail
rPois   .          Reflect  .   G - +1 helmet
rElec   .          Harm     .   k - +0 cloak
rCorr   .          Rampage  .   (no gloves)
Will    +....      NoTele   +   F - +1 pair of boots
Stlth   ++........              y - amulet of faith
HPRegen 0.34/turn               C - ring of protection from fire
MPRegen 0.14/turn               m - +2 ring of protection

@: frozen, on berserk cooldown, slowed, very slow
A: no striking features
a: Renounce Religion, Berserk, Trog's Hand, Brothers in Arms


You were in the Dungeon.
You worshipped Trog.
Trog was exalted by your worship.
You visited 1 branch You collected 1959 gold pieces.
You spent 1716 gold pieces at shops.

Inventory:

Hand Weapons
 a - a +5 vorpal triple sword (weapon)
 q - the +10 scimitar of Taxation {flame, rPois}
   (You found it in the Dungeon)

   It burns those it strikes, dealing additional fire damage.
   Big, fiery blades are also staple armaments of hydra-hunters.
   rPois:     It protects you from poison.
 r - a +5 antimagic great sword
 E - the +11 rapier of the Witching Traitor {holy, rF+ rN+}
   (You found it in the Dungeon)

   It has been blessed by the Shining One to cause great damage to the undead
   and demons.
   rF:        It protects you from fire.
   rN:        It protects you from negative energy.
Missiles
 v - 5 curare-tipped darts (quivered)
 A - 4 throwing nets
 B - 5 silver javelins
Armour
 b - a +3 scale mail (worn)
 k - a +0 cloak (worn)
 t - a +0 helmet
 F - a +1 pair of boots (worn)
 G - a +1 helmet (worn)
Jewellery
 m - a +2 ring of protection (right hand)
 w - an amulet of reflection
 y - an amulet of faith (around neck)
 C - a ring of protection from fire (left hand)
 D - a ring of poison resistance
Wands
 j - a wand of iceblast (12)
 n - a wand of acid (4)
 u - a wand of flame (17)
Scrolls
 o - 4 scrolls of blinking
 p - 2 scrolls of enchant armour
 x - a scroll of brand weapon
 H - 3 scrolls of fog
Potions
 c - 3 potions of curing
 d - 4 potions of heal wounds
 e - 2 potions of mutation
 f - 4 potions of magic
 g - 4 potions of berserk rage
 h - 2 potions of resistance
 i - 3 potions of might
 l - a potion of lignification {unknown}
 s - 3 potions of haste
 z - a potion of attraction
 I - a potion of ambrosia {unknown}


   Skills:
 + Level 21.7 Fighting
 * Level 24.7 Long Blades
 - Level 15.0 Maces & Flails
 + Level 15.1 Armour
 + Level 13.2 Dodging
 - Level 5.3 Stealth
 + Level 5.0 Evocations


You had 14 spell levels left.
You didn't know any spells.
Your spell library was empty.

Dungeon Overview and Level Annotations

Branches:
Dungeon (1/1)

Altars:
Cheibriados
Dithmenos
Elyvilon
Fedhas
Gozag
Hepliaklqana
Kikubaaqudgha
Makhleb
Nemelex Xobeh
Okawaru
Qazlal
Ru
Sif Muna
Trog
Uskayaw
Vehumet
Wu Jian
Xom
Yredelemnul
Zin
The Shining One
Beogh
Jiyva
Lugonu

Shops:
D **=


Message History

Your cyclops hits the ironbound preserver.
The ironbound preserver hits your cyclops with a +0 mace!!
You hear a shout!
Your cyclops hits the ironbound preserver!!
The ironbound preserver hits your cyclops with a +0 mace!
Your cyclops hits the ironbound preserver!!!
The ironbound preserver mumbles some strange words.
The ironbound preserver is healed somewhat.
The ironbound frostheart calls freezing cold from the walls.
The frost grips you!
* * * LOW HITPOINT WARNING * * *
You are encased in ice.
The frost grips your cyclops!!
The vault sentinel blows a loud note on a signal horn!
Your cyclops hits the ironbound preserver.
The ironbound preserver hits your cyclops but does no damage.
Things that are here:
a +0 glaive; a +0 leather armour; a tengu corpse The ice encasing you melts away.
Your cyclops hits the ironbound preserver!!
The ironbound preserver dies!
Trog accepts your kill.
Trog appreciates your killing of a magic user.
Your cyclops hits the ironbound frostheart!!!
The ironbound frostheart touches your cyclops!!
Your cyclops dies!
Your cyclops's corpse disappears in a puff of smoke!
The vault sentinel blows a loud note on a signal horn!
You hear a shout!
Things that are here:
a +0 dagger; a +0 robe
As you read the scroll of fog, it crumbles to dust.
The scroll dissolves into smoke.
The ironbound frostheart calls freezing cold from the walls.
The frost grips you.
* * * LOW HITPOINT WARNING * * *
You are encased in ice.
The ironbound frostheart calls freezing cold from the walls.
The frost grips you!
You die...

▓.▓.♣.♣.▓)▓.▓)▓.▓.
▓.▓.♣.♣.▓)▓.▓)▓.▓'
▓.▓.♣.♣.▓)▓.▓)▓.▓÷
▓.▓[♣.♣.▓.▓.▓)▓.▓÷
▓.▓.♣)♣.▓)▓.▓.▓.▓.
▓§▓)▓)▓.▓[▓.▓.▓.▓.
▓§▓.▓.▓.▓[▓.▓.▓.▓.
▓§▓.▓.▓.▓[▓.▓)▓.▓.
▓@▓.▓.▓.▓.▓.▓)▓.▓.
▓p▓.▓.▓.▓.▓.▓)▓.▓.
▓c▓.▓.▓.▓[▓.▓.▓.▓.
▓§▓.▓.▓p▓.▓.▓)▓.▓)
▓§▓.▓.▓.▓.▓.▓)▓.▓†
▓§▓.▓.▓.▓.▓.▓)▓.▓.
▓.▓.▓.▓.▓.▓.▓.▓.▓.
▓)▓.▓)▓.▓.▓.▓.▓.▓.
▓p▓.▓÷▓.▓)▓.▓.▓.▓.


You could see an ironbound frostheart and a yaktaur.

Vanquished Creatures
  A sphinx (D)
  Agnes (D)
  Kirke (D)
  3 frost giants (D)
  A vault warden (D)
  An ironbound thunderhulk (D)
  3 stone giants (D)
  2 very ugly things (D)
  2 entropy weavers (D)
  2 bunyips (D)
  An ettin (D)
  A merfolk javelineer (D)
  2 ice dragons (D)
  A fire dragon (D)
  A great orb of eyes (D)
  A boulder beetle (D)
  Harold (D)
  A peacekeeper (D)
  A ghost crab (D)
  3 hydras (D)
  2 death knights (D)
  2 anacondas (D)
  3 tengu warriors (D)
  An alligator (D)
  Erica (D)
  A deep troll shaman (D)
  A naga sharpshooter (D)
  A deep troll earth mage (D)
  6 orc high priests (D)
  A vampire mage (D)
  Sonja (D)
  A spriggan (D)
  Nergalle (D)
  A skeletal warrior (D)
  A glowing orange brain (D)
  A naga ritualist (D)
  A steelbarb worm (D)
  2 orc knights (D)
  A bog body (D)
  A necromancer (D)
  A wizard (D)
  3 lindwurms (D)
  3 wolf spiders (D)
  A will-o-the-wisp (D)
  A cyclops (D)
  Maurice (D)
  An elephant (D)
  4 black mambas (D)
  3 cane toads (D)
  A torpor snail (D)
  A water nymph (D)
  An unseen horror (D)
  Psyche (D)
  An efreet (D)
  A rime drake (D)
  A yaktaur (D)
  A troll (D)
  2 hornets (D)
  3 tyrant leeches (D)
  A tarantella (D)
  A hornet (shapeshifter) (D)
  A culicivora (D)
  A yak (D)
  A hog (D)
  A basilisk (D)
  2 wyverns (D)
  A vampire mosquito (D)
  A naga (D)
  2 water moccasins (D)
  A sky beast (D)
  12 orc warriors (D)
  A black bear (D)
  2 ogres (D)
  6 bullfrogs (D)
  A killer bee (D)
  4 orc priests (D)
  5 orc wizards (D)
  3 worms (D)
  7 orcs (D)
  An endoplasm (D)
  2 ball pythons (D)
  A frilled lizard (D)
  A quokka zombie (D)
  A rat (D)
151 creatures vanquished.

Vanquished Creatures (collateral kills)
  A lich (D)
  A frost giant (D)
  An ironbound preserver (D)
  A merfolk javelineer (D)
  A great orb of eyes (D)
  3 orc high priests (D)
  A naga sharpshooter (D)
  A black mamba (D)
  A water nymph (D)
  A gargoyle (D)
  4 merfolk (D)
  A vampire mosquito (D)
  2 orc priests (D)
19 creatures vanquished.

Vanquished Creatures (others)
  A spriggan (D)
1 creature vanquished.

Grand Total: 171 creatures vanquished

Notes
Turn   | Place    | Note
-------+----------+-------------------------------------------
     0 | D        | mhtbhm the Human Berserker began the quest for the Orb.
     0 | D        | Reached XP level 1. HP: 18/18 MP: 1/1
     8 | D        | Reached ** piety under Trog
    35 | D        | Noticed an ogre
    35 | D        | Noticed an ogre
    35 | D        | Noticed a sky beast
    35 | D        | Noticed a black bear
    40 | D        | Killed an ogre
    41 | D        | Reached skill level 5 in Fighting
    41 | D        | Reached XP level 2. HP: 28/28 MP: 2/2
    41 | D        | Reached XP level 3. HP: 34/34 MP: 3/3
    41 | D        | Reached XP level 4. HP: 40/40 MP: 4/4
    43 | D        | Killed an ogre
    43 | D        | Reached *** piety under Trog
    44 | D        | Reached XP level 5. HP: 48/48 MP: 5/5
    46 | D        | Killed a sky beast
    47 | D        | Reached XP level 6. HP: 56/56 MP: 6/6
    52 | D        | Killed a black bear
    53 | D        | Reached skill level 5 in Dodging
    58 | D        | Found a snail-covered altar of Cheibriados.
    58 | D        | Found a shadowy altar of Dithmenos.
    58 | D        | Found a white marble altar of Elyvilon.
    58 | D        | Found a blossoming altar of Fedhas.
    58 | D        | Found an opulent altar of Gozag.
    59 | D        | Found a hazy altar of Hepliaklqana.
    60 | D        | Found a viscous altar of Jiyva.
    61 | D        | Found an ancient bone altar of Kikubaaqudgha.
    62 | D        | Found a corrupted altar of Lugonu.
    63 | D        | Found a burning altar of Makhleb.
    64 | D        | Found a sparkling altar of Nemelex Xobeh.
    65 | D        | Found an iron altar of Okawaru.
    66 | D        | Found a stormy altar of Qazlal.
    67 | D        | Found a sacrificial altar of Ru.
    68 | D        | Found a shimmering blue altar of Sif Muna.
    69 | D        | Found a bloodstained altar of Trog.
    70 | D        | Found a hide-covered altar of Uskayaw.
    71 | D        | Found a radiant altar of Vehumet.
    72 | D        | Found an ornate altar of the Wu Jian Council.
    73 | D        | Found a shimmering altar of Xom.
    74 | D        | Found a basalt altar of Yredelemnul.
    75 | D        | Found a glowing silver altar of Zin.
    76 | D        | Found a glowing golden altar of the Shining One.
   223 | D        | Noticed a wyvern
   223 | D        | Noticed a troll
   223 | D        | Noticed a wyvern
   237 | D        | Reached XP level 7. HP: 64/64 MP: 7/7
   240 | D        | Killed a wyvern
   240 | D        | Reached **** piety under Trog
   241 | D        | Reached skill level 10 in Maces & Flails
   248 | D        | Killed a troll
   249 | D        | Reached skill level 10 in Fighting
   249 | D        | Reached XP level 8. HP: 50/72 MP: 8/8
   262 | D        | Killed an unseen horror
   263 | D        | Reached skill level 5 in Armour
   267 | D        | Killed a wyvern
   268 | D        | Reached skill level 1 in Evocations
   455 | D        | Noticed a boulder beetle
   455 | D        | Noticed a basilisk
   455 | D        | Noticed a death knight
   455 | D        | Noticed a skeletal warrior
   455 | D        | Noticed a gargoyle
   474 | D        | Killed a basilisk
   784 | D        | Killed a death knight
   785 | D        | Reached XP level 9. HP: 59/82 MP: 0/9
   793 | D        | Killed a skeletal warrior
   793 | D        | Reached ***** piety under Trog
   802 | D        | Killed a gargoyle
   808 | D        | Reached XP level 10. HP: 18/90 MP: 2/10
  1123 | D        | Killed a boulder beetle
  1124 | D        | Reached skill level 15 in Maces & Flails
  1124 | D        | Reached skill level 5 in Stealth
  1298 | D        | Got the +10 scimitar of Taxation {flame, rPois}
  1305 | D        | Noticed a black mamba
  1305 | D        | Noticed a cane toad
  1306 | D        | Noticed a six-headed hydra
  1313 | D        | Reached skill level 1 in Long Blades
  1315 | D        | Killed a black mamba
  1316 | D        | Reached skill level 3 in Long Blades
  1319 | D        | Killed a cane toad
  1323 | D        | Killed a six-headed hydra
  1324 | D        | Reached skill level 5 in Long Blades
  1334 | D        | Received a gift from Trog
  1537 | D        | Noticed a seven-headed hydra
  1537 | D        | Noticed a rime drake
  1537 | D        | Noticed a cane toad
  1541 | D        | Noticed an elephant
  1543 | D        | Killed a three-headed hydra
  1544 | D        | Reached skill level 6 in Long Blades
  1544 | D        | Reached skill level 10 in Armour
  1544 | D        | Reached XP level 11. HP: 99/99 MP: 11/11
  1553 | D        | Reached skill level 7 in Long Blades
  1556 | D        | Killed an elephant
  1556 | D        | Received a gift from Trog
  1560 | D        | Reached skill level 8 in Long Blades
  1722 | D        | Noticed a lindwurm
  1722 | D        | Noticed a lindwurm
  1724 | D        | Noticed a lindwurm
  1729 | D        | Killed a lindwurm
  1730 | D        | Reached skill level 9 in Long Blades
  1736 | D        | Reached ****** piety under Trog
  1739 | D        | Received a gift from Trog
  1743 | D        | Killed a lindwurm
  1744 | D        | Reached skill level 10 in Dodging
  1748 | D        | Killed a lindwurm
  1749 | D        | Reached skill level 10 in Long Blades
  2171 | D        | Noticed Maurice
  2181 | D        | Killed Maurice
  2229 | D        | Noticed Sonja
  2232 | D        | Killed Sonja
  2233 | D        | Reached skill level 15 in Fighting
  2233 | D        | Reached skill level 11 in Long Blades
  2278 | D        | Received a gift from Trog
  2289 | D        | Received a gift from Trog
  2348 | D        | Received a gift from Trog
  2349 | D        | Reached skill level 12 in Long Blades
  2358 | D        | Reached XP level 12. HP: 90/110 MP: 12/12
  2374 | D        | Identified the +8 falchion of Killer Klown's Doom {flame,
                  | Will+ Dex+3} (Trog gifted it to you in the Dungeon)
  2374 | D        | Received a gift from Trog
  2668 | D        | Found Jeppish's Distillery.
  2668 | D        | Noticed an orc high priest
  2668 | D        | Noticed an orc high priest
  2668 | D        | Noticed an orc high priest
  2668 | D        | Noticed an orc high priest
  2674 | D        | Killed an orc high priest
  2675 | D        | Reached skill level 13 in Long Blades
  2678 | D        | Killed an orc high priest
  2679 | D        | Noticed an orc high priest
  2684 | D        | Found Cunted's General Store.
  2690 | D        | Killed an orc high priest
  2692 | D        | Noticed a sixfirhy
  2700 | D        | Noticed an orc high priest
  2702 | D        | Killed an orc high priest
  2703 | D        | Reached skill level 14 in Long Blades
  2703 | D        | Found Urgheusudgh's General Store.
  2709 | D        | Killed an orc high priest
  2709 | D        | Received a gift from Trog
  2710 | D        | Found Vaufeeha's Jewellery Shoppe.
  2713 | D        | Killed an orc high priest
  2714 | D        | Reached skill level 15 in Long Blades
  2714 | D        | Noticed an orc high priest
  2721 | D        | Noticed a sun demon
  2721 | D        | Killed an orc high priest
  2722 | D        | Noticed an orc high priest
  2725 | D        | Noticed an orc high priest
  2725 | D        | Killed an orc high priest
  2731 | D        | Killed an orc high priest
  2732 | D        | Reached skill level 16 in Long Blades
  2987 | D        | Bought an amulet of reflection for 300 gold pieces
  2993 | D        | Bought a potion of heal wounds for 60 gold pieces
  2993 | D        | Bought a potion of curing for 36 gold pieces
  2993 | D        | Bought a potion of heal wounds for 60 gold pieces
  2993 | D        | Bought a potion of heal wounds for 60 gold pieces
  2993 | D        | Bought a potion of mutation for 96 gold pieces
  2993 | D        | Bought a potion of curing for 36 gold pieces
  2993 | D        | Bought a potion of resistance for 120 gold pieces
  2993 | D        | Bought a potion of haste for 120 gold pieces
  2993 | D        | Bought a potion of heal wounds for 60 gold pieces
  2993 | D        | Bought a potion of curing for 36 gold pieces
  3003 | D        | Bought a scroll of brand weapon for 200 gold pieces
  3005 | D        | Bought a potion of curing for 36 gold pieces
  3007 | D        | Bought a potion of attraction for 36 gold pieces
  3007 | D        | Bought a potion of berserk rage for 60 gold pieces
  3013 | D        | Bought an amulet of faith for 400 gold pieces
  3059 | D        | Noticed Psyche
  3071 | D        | Killed Psyche
  3091 | D        | Noticed Harold
  3104 | D        | Killed Harold
  3104 | D        | Received a gift from Trog
  3149 | D        | Got the +11 rapier of the Witching Traitor {holy, rF+ rN+}
  3233 | D        | Noticed a six-headed hydra
  3233 | D        | Noticed a death knight
  3244 | D        | Noticed a green very ugly thing
  3246 | D        | Noticed a frost giant
  3248 | D        | Received a gift from Trog
  3249 | D        | Reached skill level 17 in Long Blades
  3251 | D        | Killed a three-headed hydra
  3252 | D        | Reached XP level 13. HP: 119/119 MP: 13/13
  3266 | D        | Killed a green very ugly thing
  3267 | D        | Noticed a lich
  3270 | D        | Noticed a sphinx
  3281 | D        | Killed a frost giant
  3282 | D        | Reached skill level 18 in Long Blades
  3284 | D        | Killed a lich
  3286 | D        | Received a gift from Trog
  3528 | D        | Killed a sphinx
  3529 | D        | Reached skill level 19 in Long Blades
  3535 | D        | Received a gift from Trog
  3582 | D        | Noticed a great orb of eyes
  3588 | D        | Killed a great orb of eyes
  3600 | D        | Noticed a frost giant
  3614 | D        | Killed a frost giant
  3864 | D        | Noticed Erica
  3869 | D        | Killed Erica
  3882 | D        | Noticed Kirke
  3886 | D        | Received a gift from Trog
  3892 | D        | Killed Kirke
  3893 | D        | Reached skill level 20 in Long Blades
  3930 | D        | Noticed Nergalle
  3939 | D        | Killed Nergalle
  3939 | D        | Identified the +8 dire flail "Egiep" {flame, Fly rCorr
                  | Str-5 Dex+3} (Trog gifted it to you in the Dungeon)
  3939 | D        | Received a gift from Trog
  3990 | D        | Noticed a bunyip
  3990 | D        | Noticed a ghost crab
  4000 | D        | Received a gift from Trog
  4002 | D        | Noticed a bunyip
  4011 | D        | Killed a bunyip
  4016 | D        | Killed a ghost crab
  4018 | D        | Killed a bunyip
  4018 | D        | Received a gift from Trog
  4312 | D        | Noticed an entropy weaver
  4318 | D        | Reached skill level 21 in Long Blades
  4321 | D        | Noticed an entropy weaver
  4327 | D        | Killed an entropy weaver
  4327 | D        | Received a gift from Trog
  4328 | D        | Reached XP level 14. HP: 130/130 MP: 14/14
  4387 | D        | Killed an entropy weaver
  4387 | D        | Identified the +2 great sword of Termination {vorpal,
                  | *Corrode rPois Will+ Stlth+} (Trog gifted it to you in the
                  | Dungeon)
  4387 | D        | Received a gift from Trog
  4566 | D        | Received a gift from Trog
  4567 | D        | Reached skill level 22 in Long Blades
  4579 | D        | Identified the +8 falchion "Munoreh" {flame, rF- rN+ Dex+5}
                  | (Trog gifted it to you in the Dungeon)
  4579 | D        | Received a gift from Trog
  4730 | D        | Received a gift from Trog
  5102 | D        | Noticed Agnes
  5114 | D        | Killed Agnes
  5115 | D        | Reached skill level 23 in Long Blades
  5372 | D        | Noticed a frost giant
  5372 | D        | Noticed a stone giant
  5378 | D        | Received a gift from Trog
  5384 | D        | Killed a frost giant
  5390 | D        | Killed a stone giant
  5443 | D        | Noticed a frost giant
  5452 | D        | Received a gift from Trog
  5473 | D        | Noticed a stone giant
  5708 | D        | Received a gift from Trog
  5770 | D        | Killed a frost giant
  5848 | D        | Reached skill level 24 in Long Blades
  5870 | D        | Killed a stone giant
  5870 | D        | Noticed a stone giant
  5871 | D        | Reached XP level 15. HP: 65/143 MP: 15/15
  5904 | D        | Killed a stone giant
  5904 | D        | Received a gift from Trog
  6201 | D        | Noticed a white very ugly thing
  6201 | D        | Noticed a vault warden
  6207 | D        | Noticed an ironbound preserver
  6208 | D        | Received a gift from Trog
  6213 | D        | Killed a white very ugly thing
  6214 | D        | Reached skill level 15 in Armour
  6216 | D        | Killed a vault warden
  6219 | D        | Reached skill level 5 in Evocations
  6226 | D        | Killed an ironbound preserver
  6232 | D        | Killed from afar by an ironbound frostheart

Illustrated notes

Levels and vault maps discovered:
D:        linesprint [early_d, line_temple, items_1, d_10, items_2, lair_1,
          lair_end, items_3, orc_1, orc_end, items_4, d_15, swamp_1, shoals_1,
          snake_1, spider_1, d_20, vaults_1, items_5, swamp_end, shoals_end,
          snake_end, spider_end, vaults_end, d_27, items_6, zot_1, zot_end,
          crypt_end, forest_end, elf_end, slime_end, tomb_end, abyss_end,
          pan_hell_end]

Skill      XL: |  1  2  3  4  5  6  7  8  9 10 11 12 13 14 15 |
---------------+----------------------------------------------+-----
Fighting       | 5 7 8 9 10 11 12 13 15 16 18 20 21 | 21.7
Maces & Flails | 6 7 8 9 11 13 14 15 | 15.0
Dodging        | 3 4 5 6 7 8 9 10 11 12 13 | 13.2
Armour         | 3 4 6 7 10 11 12 13 14 15 | 15.1
Evocations     | 1 2 4 5 |  5.0
Stealth        | 2 4 5 |  5.3
Long Blades    | 6 12 17 21 24 | 24.7

Action                   |  1- 3 |  4- 6 |  7- 9 | 10-12 | 13-15 || total
-------------------------+-------+-------+-------+-------+-------++-------
Melee: Mace              |    14 |    11 |       |       |       ||    25
       Morningstar       |       |    12 |    66 |    34 |       ||   112
       Scimitar          |       |       |       |   180 |   204 ||   384
       Triple sword      |       |       |       |       |    40 ||    40
Invok: Berserk           |     1 |     1 |     2 |     9 |    11 ||    24
       Trog's Hand       |       |       |     1 |       |       ||     1
       Brothers in Arms  |       |       |     1 |     1 |     5 ||     7
Evoke: Wand              |       |       |     3 |     2 |     7 ||    12
  Use: Scroll            |       |       |     2 |     2 |     3 ||     7
       Potion            |       |       |     8 |     2 |     4 ||    14
 Stab: Invisible         |       |       |     4 |       |       ||     4
       Distracted        |       |       |       |       |     1 ||     1
Armor: Animal skin       |     1 |       |       |       |       ||     1
       Ring mail         |       |     1 |    29 |    42 |       ||    72
       Scale mail        |       |       |       |     3 |   100 ||   103
Dodge: Dodged            |    10 |    18 |    37 |    86 |   124 ||   275

Table legend: (Time is in decaauts)
 A = Elapsed time spent in this place.
 B = Non-inter-level travel time spent in this place.
 C = Inter-level travel time spent in this place.
 D = Time resting spent in this place.
 E = Time spent auto-exploring this place.
 F = Levels seen in this place.
 G = Mean time per level.
                   A        B        C        D        E       F      G
               +--------+--------+--------+--------+--------+-----+--------+
         Total |   6267 |   6267 |      0 |   3843 |    748 |   1 | 6267.0 |
       Dungeon |   6267 |   6267 |      0 |   3843 |    748 |   1 | 6267.0 |
               +--------+--------+--------+--------+--------+-----+--------+

Top non-repeatable levels by time:
       D: 6267 daAuts
